 Dungeon Crawl Stone Soup version 0.27.0-1-g7a089689b8 (webtiles) character file.

Game seed: 9303055758952929763

157 freelancePsychic the Cudgeller (level 5, -1/39 (41) HPs)
             Began as a Demonspawn Gladiator on Aug 3, 2021.
             Was a Believer of Dithmenos.
             Succumbed to a water moccasin's poison
             ... on level 7 of the Dungeon.
             The game lasted 00:05:32 (2679 turns).

freelancePsychic the Cudgeller (DsGl)               Turns: 2679, Time: 00:05:32

HP:   -1/39 (41)    AC:  8    Str: 15    XL:     5   Next: 15%
MP:   6/6           EV: 10    Int: 10    God:    Dithmenos [**....]
Gold: 155           SH:  0    Dex: 14    Spells: 4/4 levels left

rFire    + . .     SeeInvis .   a - +0 flail
rCold    + . .     Faith    +   (no shield)
rNeg     . . .     Spirit   .   g - +0 scale mail
rPois    +         Reflect  .   c - +0 helmet
rElec    +         Harm     .   (no cloak)
rCorr    +         Rampage  .   (no gloves)
Will     .....                  l - +0 pair of boots
Stlth    ..........             h - amulet of faith
HPRegen  0.13/turn              (no ring)
MPRegen  0.20/turn              (no ring)

@: lethally poisoned (-1 -> -11), resistant, wreathed by umbra, lightly drained
A: demonic guardian 2, magic regeneration
a: Renounce Religion, Shadow Step


You were on level 7 of the Dungeon.
You worshipped Dithmenos.
Dithmenos was pleased with you.
You visited 1 branch of the dungeon, and saw 5 of its levels.

You collected 155 gold pieces.

Inventory:

Hand Weapons
 a - a +0 flail (weapon)
 b - a +0 short sword of speed
Missiles
 n - 3 javelins (quivered)
Armour
 c - a +0 helmet (worn)
 g - a +0 scale mail (worn)
 l - a +0 pair of boots (worn)
Jewellery
 h - an amulet of faith (around neck)
Scrolls
 k - 2 scrolls of identify {@r1}
 p - 3 scrolls of enchant weapon
Potions
 e - a potion of brilliance
 i - a potion of curing {unknown}
 o - a potion of heal wounds {unknown}


   Skills:
 + Level 3.2 Fighting
 - Level 0.8 Short Blades
 * Level 4.2 Maces & Flails
 - Level 1.7 Throwing
 - Level 2.6 Dodging
 + Level 2.4 Invocations


You had 4 spell levels left.
You didn't know any spells.
Your spell library contained the following spells:

 Spells                   Type           Power      Damage    Failure   Level
 Slow                     Hex            0%         N/A       94%         2
 Confusing Touch          Hex            0%         N/A       99%         3
 Vampiric Draining        Necr           0%         2d6       99%         3
 Olgreb's Toxic Radiance  Pois           0%         N/A       100%        4
 Ozocubu's Refrigeration  Ice            0%         4d5       100%        7
 Ignition                 Fire           0%         3d3       100%        8


Dungeon Overview and Level Annotations

Branches:
Dungeon (7/15)
 Temple: D:4-7

Altars:
Dithmenos


Innate Abilities, Weirdness & Mutations

A demonic guardian rushes to your aid.
You regenerate magic rapidly.


Message History

The water moccasin bites you but does no damage.
You closely miss the water moccasin. The water moccasin misses you. x2
You sock the water moccasin!
The water moccasin is heavily wounded.
The water moccasin closely misses you.
The centaur skeleton hits you but does no damage.
The centaur skeleton closely misses you.
The water moccasin misses you.
You closely miss the water moccasin.
The water moccasin is heavily wounded.
The centaur skeleton hits you but does no damage.
The centaur skeleton kicks you. The water moccasin closely misses you.
The centaur skeleton hits you. The centaur skeleton kicks you.
* * * LOW HITPOINT WARNING * * *
You sock the water moccasin!
The water moccasin is severely wounded.
The water moccasin bites you.
* * * LOW HITPOINT WARNING * * *
The water moccasin barely misses you.
The centaur skeleton hits you but does no damage.
The centaur skeleton kicks you but does no damage.
The water moccasin bites you but does no damage.
The water moccasin barely misses you.
You barely miss the water moccasin.
The water moccasin is severely wounded.
The water moccasin closely misses you. The water moccasin bites you.
* * * LOW HITPOINT WARNING * * *
You are lethally poisoned!
The water moccasin poisons you!
You miss the water moccasin.
The water moccasin is severely wounded.
* * * LOW HITPOINT WARNING * * *
You feel very sick.
The water moccasin bites you but does no damage.
The water moccasin bites you.
* * * LOW HITPOINT WARNING * * *
A demonic guardian appears!
It was a potion of resistance.
You feel protected.
You die...

,,<*,**,>,≈≈*≈≈,,,***************
,***,**,**≈≈*≈≈...,,,,,,,,,,,,,,,
,,,*,**,*,≈≈≈≈≈...,,,,##**,*,***,
****,**,*,≈***≈,..,,,,.# *,*,* *,
,,,*,**,*,≈≈≈≈≈,,.####!##*,*,* *,
**,*,**,*,*,,**###.#(...,,,*,***,
,,,*,**,*,,,,,,,......#***,*,,,*,
,*,*,**,*#########.#.#######**,*,
,*,*,**,,......4@SZ.<.......,,,*,
,*,*,****###################****,
,*,*,,,,,,,,,,,,,,,,,,,,,,,,,,,,,
,*,******************************
,*,* ,*,* ,*,* ,*,* **,***


You could see a water moccasin (ally target), a centaur skeleton and a friendly
orange demon (summoned).

Vanquished Creatures
  An adder (D:2)
  2 dart slugs (D:1)
  An orc (D:3)
  A ball python (D:2)
  6 endoplasms
  A giant cockroach (D:1)
  5 hobgoblins
  7 jackals
  3 quokkas
  5 bats
  A frilled lizard (D:1)
  4 goblins (D:1)
  11 kobolds
  5 rats
53 creatures vanquished.

Vanquished Creatures (collateral kills)
  An orc warrior (D:6)
  An orc wizard (D:3)
  A howler monkey zombie (D:6)
  A white imp (D:6)
  2 orcs (D:3)
6 creatures vanquished.

Grand Total: 59 creatures vanquished

Notes
Turn   | Place    | Note
-------+----------+-------------------------------------------
     0 | D:1      | freelancePsychic the Demonspawn Gladiator began the quest
                  | for the Orb.
     0 | D:1      | Reached XP level 1. HP: 16/16 MP: 1/1
   304 | D:1      | Reached skill level 3 in Maces & Flails
   400 | D:1      | Gained mutation: You regenerate magic rapidly. [demonic
                  | ancestry]
   400 | D:1      | Reached XP level 2. HP: 20/22 MP: 2/2
   610 | D:1      | Found a faded altar of an unknown god.
   674 | D:1      | Became a worshipper of Dithmenos the Shadowed
   674 | D:1      | Reached * piety under Dithmenos
  1011 | D:1      | Gained mutation: A weak demonic guardian rushes to your
                  | aid. [demonic ancestry]
  1011 | D:1      | Reached XP level 3. HP: 17/28 MP: 3/3
  1397 | D:2      | Reached skill level 1 in Invocations
  1410 | D:2      | Reached ** piety under Dithmenos
  1835 | D:2      | Gained mutation: A demonic guardian rushes to your aid.
                  | [demonic ancestry]
  1835 | D:2      | Reached XP level 4. HP: 29/34 MP: 5/5
  2502 | D:3      | You fall into a shaft and drop 3 floors!
  2557 | D:6      | Noticed an orc warrior
  2599 | D:6      | Killed an orc warrior
  2600 | D:6      | Reached skill level 4 in Maces & Flails
  2600 | D:6      | Reached XP level 5. HP: 6/39 MP: 6/6
  2665 | D:7      | Noticed a water moccasin
  2678 | D:7      | HP: 1/39 [water moccasin (4)]
  2679 | D:7      | Succumbed to a water moccasin's poison

Illustrated notes

Levels and vault maps discovered:
D:1:      scummos_arrival_gate, layout_loops_cross,
          ebering_ecumenical_altar_mist, grunt_decor_clamped,
          minmay_split_cup_large
D:2:      layout_basic
D:3:      layout_rooms, uniq_jessica
D:6:      layout_loops_corners, gammafunk_ghost_hive
D:7:      layout_basic, minmay_crystal_water, small_statue_intersection,
          minivault_23, kennysheep_small_spiral, minmay_manual_macuahuitl

Skill      XL: |  1  2  3  4 |
---------------+-------------+-----
Maces & Flails | 3 4 |  4.2
Invocations    | 1 2 |  2.4
Fighting       | 3 |  3.2
Short Blades   | |  0.8
Throwing       | |  1.7
Dodging        | |  2.6

Action                   |  1- 3 |  4- 6 || total
-------------------------+-------+-------++-------
Melee: Flail             |    86 |    39 ||   125
       Short sword       |    49 |       ||    49
Throw: Throwing net      |       |     3 ||     3
  Use: Scroll            |       |     3 ||     3
       Potion            |       |     3 ||     3
Armor: Scale mail        |    71 |    27 ||    98
       Leather armour    |     4 |       ||     4
Dodge: Dodged            |   102 |    39 ||   141
